 Dungeon Crawl Stone Soup version 0.17-a0-1830-g81820eb (webtiles) character file.

247 Medved the Chiller (level 5, -2/31 HPs)
             Began as a High Elf Ice Elementalist on Sept 13, 2015.
             Was an Initiate of Vehumet.
             Slain by an orc priest
             ... wielding a +0 mace
              (10 damage)
             ... on level 4 of the Dungeon on Sept 14, 2015.
             The game lasted 00:11:44 (3614 turns).

Medved the Chiller (High Elf Ice Elementalist)      Turns: 3614, Time: 00:11:44

Health: -2/31      AC:  2    Str:  7    XL:     5   Next: 85%
Magic:  6/12       EV: 13    Int: 20    God:    Vehumet [......]
Gold:   181        SH:  0    Dex: 15    Spells: 3 memorised, 4 levels left

rFire  . . .     SeeInvis .     n - +0 club
rCold  . . .     Clarity  .     a - +0 robe
rNeg   . . .     SustAt   .     (no shield)
rPois  .         Gourm    .     (no helmet)
rElec  .         Spirit   .     (no cloak)
rCorr  .         Warding  .     (no gloves)
rMut   .         Stasis   .     (no boots)
MR     .....                    (no amulet)
Stlth  ++........               (no ring)
                                (no ring)

@: not resistant to hostile enchantments, unstealthy
A: no striking features
a: Renounce Religion


You were on level 4 of the Dungeon.
You worshipped Vehumet.
Vehumet was noncommittal.
You were not hungry.

You visited 1 branch of the dungeon, and saw 4 of its levels.

You collected 181 gold pieces.

Inventory:

Hand weapons
 n - a +0 club (weapon)
Armour
 a - a +0 robe (worn)
Jewellery
 u - an uncursed ring of see invisible {unknown}
 v - an uncursed ring of positive energy {unknown}
 y - a +3 ring of dexterity {unknown}
Magical devices
 x - a wand of cold (3)
Scrolls
 d - a scroll of enchant weapon {unknown}
 e - 6 scrolls of identify {unknown}
 f - 3 scrolls of recharging {unknown}
 h - 3 scrolls of teleportation {unknown}
 l - 2 scrolls of immolation {unknown}
 q - a scroll of blinking {unknown}
 w - a scroll of fear {unknown}
Potions
 i - a potion of ambrosia {unknown}
 j - a potion of curing {unknown}
 k - a potion of agility {unknown}
 m - 2 potions of might {unknown}
 o - a potion of brilliance {unknown}
 p - a potion of flight {unknown}
 r - a potion of experience {unknown}
 s - a potion of heal wounds {unknown}
Books
 b - a book of Frost

   Spells                             Type                      Level
   a - Freeze                         Ice                          1
   b - Throw Frost                    Conjuration/Ice              2
   c - Ozocubu's Armour               Charms/Ice                   3
   d - Throw Icicle                   Conjuration/Ice              4
   e - Summon Ice Beast               Ice/Summoning                4
   f - Condensation Shield            Ice                          4
Comestibles
 c - 4 bread rations
 g - 2 meat rations
 t - a beef jerky
 z - 4 chunks of flesh


   Skills:
 + Level 2.7 Dodging
 - Level 2.1 Stealth
 + Level 4.5 Spellcasting
 + Level 1.1 Conjurations
 * Level 5.3 Ice Magic


You had 4 spell levels left.
You knew the following spells:

 Your Spells              Type           Power        Failure   Level  Hunger
a - Freeze                Ice            ####         1%          1    None
b - Summon Ice Beast      Ice/Summ       ###.....     45%         4    ####...
c - Throw Icicle          Conj/Ice       ###.....     38%         4    ####...


Dungeon Overview and Level Annotations

Branches:
Dungeon (4/15)
 Temple: D:4-7

Altars:
Gozag
Kikubaaqudgha
Vehumet
Zin


Message History

You freeze the orc wizard.
The orc wizard is almost dead.
The orc wizard hits you but does no damage.
Casting: Freeze
Confirm with . or Enter, or press ? or * to list all spells.
Aiming: Freeze
Press: ? - help, Shift-Dir - straight line, f/p - orc wizard
Aim: an orc wizard, wielding a dagger and wearing a robe (almost dead)
You freeze the orc wizard.
You kill the orc wizard!
Vehumet accepts your kill.
Casting: Freeze
Confirm with . or Enter, or press ? or * to list all spells.
Aiming: Freeze
Press: ? - help, Shift-Dir - straight line, f - orc priest
Aim: an orc priest, wielding a mace You freeze the orc priest.
The orc priest is moderately wounded.
The orc priest hits you with a mace!
You die...

##.# #.#.#.#. #.#.#.#. #.#.#
#.#.#.#.#.#.#.#.#.# ##.#.#
#.#.#.#.#.#.#.#.#.#.
#.#.#.#.#.#!#.#.#.#.#.#.#.#
##.#.#.#.#.#.#.#.#.#.#.#.#.
#.#.#.#.#.#.#.#.#.#.#.#.#.#
##.#.#.#.#.#.#.#.#.#.#.#.#.
#.#.#.#.#.#.#.#.#.#.#.#.#.#
####.#.#.#(#@#.#.#.#.#.#.#.#[
#...#.#.#.#.#o#.#.#.#.#.#.#.#
#.##.#.#.#.#.#...#.#.#.#.#.#.
#รท#.#.#.#.#.#.....#.#.#.#.#.#
#.##.#.#.#.#.#...#.#.#.#.#.#.
#.#.#.#.#.#.#.....#.#.#.#.#.#
#.##.#.#.#.#.#.#.#.#.#.#.#.#.
#.#.#.#.#.#.#.#.#.#.#.#.#.#.#
#.###########################


You could see an orc priest.

Vanquished Creatures
  An ogre (D:4)
  An orc wizard (D:4)
  A worker ant (D:4)
  3 adders
  A gnoll (D:1)
  2 worms (D:2)
  3 giant geckos
  6 orcs
  4 bats
  2 bat zombies (D:2)
  4 giant cockroaches
  7 goblins
  7 hobgoblins
  2 quokkas (D:2)
  A giant newt (D:1)
  8 kobolds
  10 rats
  A rat zombie (D:2)
64 creatures vanquished.

Notes
Turn   | Place    | Note
--------------------------------------------------------------
     0 | D:1      | Medved the High Elf Ice Elementalist began the quest for the Orb.
     0 | D:1      | Reached XP level 1. HP: 11/11 MP: 4/4
   214 | D:1      | Reached XP level 2. HP: 15/17 MP: 4/6
  1011 | D:2      | Found a faded altar to an unknown god.
  1103 | D:2      | Found an opulent altar of Gozag.
  1156 | D:2      | Reached XP level 3. HP: 17/21 MP: 1/8
  1252 | D:2      | Reached skill level 4 in Ice Magic
  2180 | D:2      | Found a glowing silver altar of Zin.
  2300 | D:2      | Found an ancient bone altar of Kikubaaqudgha.
  2511 | D:3      | Reached XP level 4. HP: 27/27 MP: 7/9
  2529 | D:3      | Found a radiant altar of Vehumet.
  2610 | D:3      | Became a worshipper of Vehumet
  3164 | D:4      | Noticed an ogre
  3182 | D:4      | Killed an ogre
  3182 | D:4      | Reached skill level 5 in Ice Magic
  3182 | D:4      | Reached XP level 5. HP: 31/31 MP: 4/12
  3248 | D:4      | Learned a level 4 spell: Summon Ice Beast
  3253 | D:4      | Learned a level 4 spell: Throw Icicle
  3614 | D:4      | Slain by an orc priest

Vault maps used:
D:1:      dpeg_arrival_tiny_b
D:2:      lemuel_zombie_altar_kikubaaqudgha, zin_scriptorium,
          grunt_gozag_statues, ecumenical_altar_2, nrook_mini_vaults
D:3:      lemuel_round_altar, first_bread
D:4:      uniq_robin

Action                   |  1- 3 |  4- 6 || total
-------------------------+-------+-------++-------
Melee: Unarmed           |    10 |       ||    10
       Club              |    20 |     8 ||    28
 Cast: Freeze            |    52 |    47 ||    99
  Eat: Chunk             |     3 |     5 ||     8
